 Dungeon Crawl Stone Soup version 0.23.0-3-gf3c87f2 (webtiles) character file.

Game seed: 6544977698745769072

1713 Lanoc the Charlatan (level 9, -8/62 HPs)
             Began as an Octopode Artificer on Feb 21, 2019.
             Was a Follower of Nemelex Xobeh.
             Mangled by an orc warrior
             ... wielding a +0 halberd
              (23 damage)
             ... on level 6 of the Dungeon on Feb 22, 2019.
             The game lasted 00:17:12 (6267 turns).

Lanoc the Charlatan (Octopode Artificer)            Turns: 6267, Time: 00:17:12

Health: -8/62      AC:  1    Str: 14    XL:     9   Next: 4%
Magic:  14/14      EV: 20    Int: 13    God:    Nemelex Xobeh [*.....]
Gold:   506        SH:  0    Dex: 13    Spells: 8/8 levels left

rFire    . . .     SeeInvis .   D - +0 hand axe (venom)
rCold    . . .     Gourm    .   (no shield)
rNeg     . . .     Faith    .   (helmet restricted)
rPois    +         Spirit   .   o - amulet of regeneration
rElec    .         Reflect  .   v - ring of poison resistance
rCorr    .         Harm     .   C - +4 ring of evasion
MR       .....                  (no ring)
Stlth    +++.......             (no ring)
HPRegen  0.60/turn              (no ring)
MPRegen  0.14/turn              (no ring)
                                (no ring)
                                (no ring)

@: studying Throwing
A: almost no armour, stealthy swim, amphibious, 8 rings, constrict 8, camouflage
1, gelatinous body 1
a: Draw Escape, Draw Destruction, Draw Summoning, Renounce Religion


You were on level 6 of the Dungeon.
You worshipped Nemelex Xobeh.
Nemelex Xobeh was aware of your devotion.
You were not hungry.

You visited 2 branches of the dungeon, and saw 7 of its levels.
You also visited: Sewer and Ossuary.

You collected 506 gold pieces.

Inventory:

Hand Weapons
 D - a +0 hand axe of venom (weapon)
Jewellery
 j - an uncursed ring of ice
 o - an amulet of regeneration (around mantle)
 v - a ring of poison resistance (left tentacle)
 C - a +4 ring of evasion (right tentacle)
Wands
 b - a wand of flame (14)
 c - a wand of enslavement (11)
 d - a wand of random effects (25)
 B - a wand of acid (7)
Scrolls
 e - 2 scrolls of enchant weapon
 h - 2 scrolls of remove curse
 p - 2 scrolls of fog
 r - 3 scrolls of teleportation
 s - 2 scrolls of blinking
 u - a scroll of immolation
 y - 2 scrolls of enchant armour {unknown}
 E - a scroll of acquirement {unknown}
Potions
 a - a potion of brilliance
 i - a potion of heal wounds
 k - a potion of magic
 l - 2 potions of haste
 m - 2 potions of might
 n - a potion of ambrosia
 q - 10 potions of flight
 t - 2 potions of curing
 w - a potion of agility
 x - 4 potions of mutation
 z - 2 potions of berserk rage
Books
 A - a manual of Throwing
Comestibles
 f - 11 rations
 g - 3 chunks of flesh


   Skills:
 + Level 5.9 Fighting
   Level 1.0 Short Blades
 + Level 6.2 Dodging
 - Level 1.3 Stealth
 + Level 4.7 Invocations
 + Level 7.2 Evocations


You had 8 spell levels left.
You didn't know any spells.
Your spell library contained the following spells:

 Spells                   Type           Power        Failure   Level  Hunger
 Beastly Appendage        Tmut           #.....       30%         1    ##.....


Dungeon Overview and Level Annotations

Branches:
Dungeon (6/15)             Temple (1/1) D:4

Altars:
Cheibriados
Elyvilon
Fedhas
Kikubaaqudgha
Nemelex Xobeh
Qazlal
Ru
Sif Muna
Trog
Uskayaw
Vehumet
Wu Jian
Yredelemnul
The Shining One

Shops:
D:5 ?


Innate Abilities, Weirdness & Mutations

You cannot wear most types of armour.
You are very stealthy in the water. (Stealth+)
You are amphibious.
You can wear up to eight rings at the same time.
You can use your tentacles to constrict eight enemies at once.
Your skin changes colour to match your surroundings (Stealth+).
Your rubbery body absorbs attacks. (AC +1, EV +1)


Message History

* * * LOW HITPOINT WARNING * * *
You feel a bit more experienced. The bullfrog hits you!
* * * LOW HITPOINT WARNING * * *
You hit the bullfrog.
The bullfrog looks as sick as possible!
The bullfrog is almost dead.
You constrict the bullfrog.
You kill the bullfrog!
You have reached level 9!
Your experience leads to an increase in your attributes!
Increase (S)trength, (I)ntelligence, or (D)exterity?
You feel stronger.
You see here a bullfrog corpse.
You feel a bit more experienced.
You feel a bit more experienced.
The sentinel's mark upon you fades away.
You start resting.
The orc warrior is no longer charmed.
The orc warrior hits you with a +0 halberd!!
You die...
Your body glows slightly and disappears.

########...
#..oooFo...
#.########. #.#
###†# #..†# #.###
### #.##########
..# #
#...o@.....#
###.###
#.########.#
#....#. #.#
##...... #.#
........ #.#
#....... #.#
#....... #.#
........ #.#
###########.....#
#.#
#................


You could see an orc warrior.

Vanquished Creatures
  A phantom (D:5)
  A black bear (D:6)
  3 ogres
  A bullfrog (D:6)
  A big kobold (Sewer)
  2 howler monkeys (D:4)
  2 crimson imps
  A bullfrog zombie (D:6)
  A gnoll shaman (D:5)
  A hound (D:4)
  A jelly (D:5)
  An orc priest (D:4)
  2 orc wizards
  Ijyb (D:5)
  2 iguanas
  2 worker ants
  A big kobold zombie (Ossuary)
  2 hound zombies
  A hound skeleton (D:4)
  7 mummies (Ossuary)
  A worker ant zombie (D:6)
  13 gnolls
  A howler monkey skeleton (D:5)
  8 adders
  A river rat (Sewer)
  2 shadow imps
  2 oozes (Sewer)
  An adder zombie (D:5)
  9 worms
  6 dart slugs
  4 leopard geckos
  19 orcs
  7 bats
  3 giant cockroaches
  10 goblins
  7 hobgoblins
  16 jackals
  3 quokkas (D:4)
  6 ball pythons
  7 frilled lizards
  3 hobgoblin zombies (Ossuary)
  16 kobolds
  4 orc zombies (Ossuary)
  15 rats
198 creatures vanquished.

Vanquished Creatures (collateral kills)
  A bullfrog (D:6)
  2 orc priests (D:6)
  An adder skeleton (D:6)
  A dart slug (D:4)
  3 orcs
8 creatures vanquished.

Vanquished Creatures (others)
  An orc wizard (D:4)
  A mummy (Ossuary)
2 creatures vanquished.

Grand Total: 208 creatures vanquished

Notes
Turn   | Place    | Note
-------+----------+-------------------------------------------
     0 | D:1      | Lanoc the Octopode Artificer began the quest for the Orb.
     0 | D:1      | Reached XP level 1. HP: 13/13 MP: 3/3
   296 | D:1      | Reached XP level 2. HP: 18/18 MP: 4/4
   403 | D:1      | Reached XP level 3. HP: 18/24 MP: 5/5
  1101 | D:1      | Reached skill level 4 in Evocations
  1235 | D:2      | Reached XP level 4. HP: 29/29 MP: 7/7
  1657 | D:2      | Reached XP level 5. HP: 30/35 MP: 8/8
  2109 | D:2      | Found an ancient bone altar of Kikubaaqudgha.
  2114 | D:2      | Found a deep blue altar of Sif Muna.
  2116 | D:2      | Found a radiant altar of Vehumet.
  2120 | D:2      | Identified Sif Muna's Papyrus of Changing
  2479 | D:3      | Found a glowing drain.
  2567 | Sewer    | Entered a sewer
  2590 | Sewer    | Reached XP level 6. HP: 37/42 MP: 9/9
  2739 | Sewer    | Reached skill level 5 in Evocations
  2835 | D:3      | Found a snail-covered altar of Cheibriados.
  2950 | D:3      | Found a sparkling altar of Nemelex Xobeh.
  2986 | D:3      | Became a worshipper of Nemelex Xobeh the Trickster
  2992 | D:3      | Received a gift from Nemelex Xobeh
  3134 | D:3      | Found a basalt altar of Yredelemnul.
  3145 | D:3      | Found a blossoming altar of Fedhas.
  3154 | D:3      | Found a glowing golden altar of the Shining One.
  3163 | D:3      | Found a hide-covered altar of Uskayaw.
  3190 | D:3      | Found a sacrificial altar of Ru.
  3197 | D:3      | Found a bloodstained altar of Trog.
  3201 | D:3      | Found an ornate altar of the Wu Jian Council.
  3605 | D:4      | Reached skill level 1 in Invocations
  3605 | D:4      | Reached XP level 7. HP: 28/48 MP: 9/11
  3702 | D:4      | Found a sand-covered staircase.
  3711 | Ossuary  | Entered an ossuary
  4339 | D:4      | Found a staircase to the Ecumenical Temple.
  4343 | D:4      | Reached skill level 5 in Dodging
  4343 | D:4      | Reached skill level 6 in Evocations
  4356 | Temple   | Entered the Ecumenical Temple
  4763 | D:4      | Received a gift from Nemelex Xobeh
  4860 | D:5      | Entered Level 5 of the Dungeon
  4860 | D:5      | Reached * piety under Nemelex Xobeh
  5002 | D:5      | Reached XP level 8. HP: 49/54 MP: 12/12
  5314 | D:5      | Reached skill level 5 in Fighting
  5442 | D:5      | Noticed Ijyb
  5450 | D:5      | Killed Ijyb
  5621 | D:5      | Found Faphiaqo's Magic Scroll Emporium.
  6168 | D:6      | Reached skill level 7 in Evocations
  6249 | D:6      | Reached XP level 9. HP: 4/62 MP: 14/14
  6267 | D:6      | Mangled by an orc warrior

Skill      XL: |  1  2  3  4  5  6  7  8 |
---------------+-------------------------+-----
Fighting       | 2 3 4 5 |  5.9
Evocations     | 4 5 6 7 |  7.2
Dodging        | 3 4 5 6 |  6.2
Invocations    | 1 2 4 |  4.7
Short Blades   | |  1.0
Stealth        | |  1.3

Action                   |  1- 3 |  4- 6 |  7- 9 || total
-------------------------+-------+-------+-------++-------
Melee: Short sword       |    72 |       |       ||    72
       Constrict         |    21 |    49 |    65 ||   135
       Tentacles         |    11 |    48 |    69 ||   128
       Dagger            |     5 |   185 |   242 ||   432
       Hand axe          |       |       |    22 ||    22
Evoke: Wand              |       |       |     6 ||     6
  Use: Potion            |       |     7 |       ||     7
       Scroll            |       |    10 |     4 ||    14
 Stab: Sleeping          |    10 |    15 |     4 ||    29
  Eat: Chunk             |       |     9 |     8 ||    17
Armor: Skin              |     5 |     4 |     9 ||    18
Dodge: Dodged            |    45 |   108 |   159 ||   312
